| TOP OF THE 1ST |
|
Toledo Mud Hens batting - Pitching for Columbus Clippers : RHP Andy Coats
|
|
Pitching: RHP Andy Coats
|
|
|
Batting: LHB Bill Ford
|
0-0: Swinging Strike 0-1: Called Strike 0-2: Ball 1-2: Foul Ball, location: 2F 1-2: Foul Ball, location: 2F 1-2: Ball 2-2: Fly out, F7 (Line Drive, 7, EV 104.4 MPH)
|
|
Batting: RHB Brady Jeleniewski
|
0-0: Called Strike 0-1: Swinging Strike 0-2: SINGLE (Groundball, 6MD, EV 105.0 MPH)
|
|
Batting: LHB Andy Schumacher
|
0-0: Swinging Strike 0-1: Ball 1-1: Ball 2-1: Fly out, F7 (Flyball, 78S, EV 83.8 MPH)
|
|
Batting: SHB Ross Holland
|
0-0: Ball 1-0: Foul Ball, location: 2F 1-1: Ball 2-1: Swinging Strike 2-2: Strikes out swinging
|
| Top of the 1st over - 0 runs, 1 hit, 0 errors, 1 left on base; Toledo 0 - Columbus 0 |
| BOTTOM OF THE 1ST |
|
Columbus Clippers batting - Pitching for Toledo Mud Hens : RHP Ricky Tercero
|
|
Pitching: RHP Ricky Tercero
|
|
|
Batting: LHB John Harring
|
0-0: Ball 1-0: Ball 2-0: Swinging Strike 2-1: Swinging Strike 2-2: Foul Ball, location: 2F 2-2: Ground out 5-3 (Groundball, 56, EV 84.4 MPH)
|
|
Batting: LHB Corey Trevor
|
0-0: SINGLE (Line Drive, 78S, EV 95.6 MPH)
|
|
Batting: LHB Brent Albertson
|
0-0: Called Strike 0-1: Ball Corey Trevor is caught stealing 2nd base 2-6 1-1: Foul Ball, location: 2F 1-2: Foul Ball, location: 2F 1-2: Ball 2-2: Ball 3-2: DOUBLE (Line Drive, 3D, EV 96.2 MPH)
|
|
Batting: RHB Jesus Galvan
|
0-0: Ball 1-0: Ball 2-0: Ball 3-0: SINGLE (Groundball, 6D, EV 101.2 MPH) Brent Albertson to third Runner from 3rd tries for Home, SAFE, throw by LF to home Jesus Galvan to second
|
|
Batting: RHB John Shaffer
|
0-0: Fly out, F3 (Popup, 3SF, EV 72.5 MPH)
|
| Bottom of the 1st over - 1 run, 3 hits, 0 errors, 1 left on base; Toledo 0 - Columbus 1 |
| TOP OF THE 2ND |
|
Toledo Mud Hens batting - Pitching for Columbus Clippers : RHP Andy Coats
|
|
Batting: RHB J.J. Basil
|
0-0: SINGLE (Line Drive, 6MD, EV 101.9 MPH)
|
|
Batting: LHB Jon Frederick
|
0-0: Swinging Strike 0-1: Called Strike 0-2: Ball 1-2: Grounds into double play, 3-6-3 (Groundball, 3S, EV 81.2 MPH)
|
|
Batting: RHB Dan Becvar
|
0-0: Called Strike 0-1: Swinging Strike 0-2: Ball 1-2: Ball 2-2: Foul Ball, location: 2F 2-2: Foul Ball, location: 2F 2-2: Fly out, F8 (Line Drive, 8RS, EV 93.1 MPH)
|
| Top of the 2nd over - 0 runs, 1 hit, 0 errors, 0 left on base; Toledo 0 - Columbus 1 |
| BOTTOM OF THE 2ND |
|
Columbus Clippers batting - Pitching for Toledo Mud Hens : RHP Ricky Tercero
|
|
Batting: RHB Armando Galindo
|
0-0: Ground out 1-3 (Groundball, 15S, EV 68.1 MPH)
|
|
Batting: RHB Chris Folse
|
0-0: SINGLE (Groundball, 6D, EV 101.2 MPH)
|
|
Batting: RHB Chris Diaz
|
Pickoff Play to 1st, Runner tries for 2nd, OUT after rundown. 0-0: Ball 1-0: Foul Ball, location: 2F 1-1: Ball 2-1: Swinging Strike 2-2: Strikes out looking
|
| Bottom of the 2nd over - 0 runs, 1 hit, 0 errors, 0 left on base; Toledo 0 - Columbus 1 |
| TOP OF THE 3RD |
|
Toledo Mud Hens batting - Pitching for Columbus Clippers : RHP Andy Coats
|
|
Batting: RHB Willis Morales
|
0-0: Called Strike 0-1: Fly out, F9 (Flyball, 9S, EV 90.6 MPH)
|
|
Batting: RHB Dave Calder
|
0-0: Foul Ball, location: 2F 0-1: Swinging Strike 0-2: Ball 1-2: Ball 2-2: Strikes out swinging
|
|
Batting: LHB Bill Ford
|
0-0: Ball 1-0: Called Strike 1-1: Ground out 4-3 (Groundball, 4, EV 82.5 MPH)
|
| Top of the 3rd over - 0 runs, 0 hits, 0 errors, 0 left on base; Toledo 0 - Columbus 1 |
| BOTTOM OF THE 3RD |
|
Columbus Clippers batting - Pitching for Toledo Mud Hens : RHP Ricky Tercero
|
|
Batting: LHB John Dietrich
|
0-0: Ball 1-0: Ground out U3 (Groundball, 3, EV 101.9 MPH)
|
|
Batting: LHB John Harring
|
0-0: Bunt missed! 0-1: Ball 1-1: DOUBLE (Line Drive, 78D, EV 108.1 MPH)
|
|
Batting: LHB Corey Trevor
|
0-0: Ball 1-0: Ball 2-0: Called Strike 2-1: Ball 3-1: Base on Balls
|
|
Batting: LHB Brent Albertson
|
0-0: Called Strike 0-1: Foul Ball, location: 2F 0-2: Strikes out looking
|
|
Batting: RHB Jesus Galvan
|
0-0: Foul Ball, location: 2F 0-1: Ball 1-1: Ball 2-1: Swinging Strike 2-2: Ball 3-2: Strikes out swinging
|
| Bottom of the 3rd over - 0 runs, 1 hit, 0 errors, 2 left on base; Toledo 0 - Columbus 1 |
| TOP OF THE 4TH |
|
Toledo Mud Hens batting - Pitching for Columbus Clippers : RHP Andy Coats
|
|
Batting: RHB Brady Jeleniewski
|
0-0: Called Strike 0-1: Swinging Strike 0-2: Strikes out swinging
|
|
Batting: LHB Andy Schumacher
|
0-0: Ball 1-0: Ball 2-0: Ball 3-0: Called Strike 3-1: Base on Balls
|
|
Batting: SHB Ross Holland
|
0-0: Ball 1-0: Ball 2-0: Ball 3-0: Called Strike 3-1: SINGLE (Line Drive, 7S, EV 106.9 MPH) Andy Schumacher to second
|
|
Batting: RHB J.J. Basil
|
0-0: Foul Ball, location: 2F 0-1: Ball 1-1: Ball 2-1: Ball 3-1: Base on Balls Andy Schumacher to third Ross Holland to second
|
|
Batting: LHB Jon Frederick
|
0-0: Ball 1-0: Called Strike 1-1: Ball 2-1: Called Strike 2-2: Strikes out swinging
|
|
Batting: RHB Dan Becvar
|
0-0: Called Strike 0-1: Foul Ball, location: 2F 0-2: Ball 1-2: Strikes out swinging
|
| Top of the 4th over - 0 runs, 1 hit, 0 errors, 3 left on base; Toledo 0 - Columbus 1 |
| BOTTOM OF THE 4TH |
|
Columbus Clippers batting - Pitching for Toledo Mud Hens : RHP Ricky Tercero
|
|
Batting: RHB John Shaffer
|
0-0: Called Strike 0-1: Called Strike 0-2: Ball 1-2: Ground out 4-3 (Groundball, 4MD, EV 110.0 MPH)
|
|
Batting: RHB Armando Galindo
|
0-0: Swinging Strike 0-1: Ball 1-1: Ball 2-1: Foul Ball, location: 2F 2-2: Fly out, F8 (Flyball, 89XD, EV 94.4 MPH)
|
|
Batting: RHB Chris Folse
|
0-0: Called Strike 0-1: Fly out, F7 (Flyball, 7, EV 90.6 MPH)
|
| Bottom of the 4th over - 0 runs, 0 hits, 0 errors, 0 left on base; Toledo 0 - Columbus 1 |
| TOP OF THE 5TH |
|
Toledo Mud Hens batting - Pitching for Columbus Clippers : RHP Andy Coats
|
|
Batting: RHB Willis Morales
|
0-0: Called Strike 0-1: Ball 1-1: Fly out, F6 (Line Drive, 6, EV 74.4 MPH)
|
|
Batting: RHB Dave Calder
|
0-0: Called Strike 0-1: Ball 1-1: Ball 2-1: Ball 3-1: Called Strike 3-2: Foul Ball, location: 2F 3-2: Base on Balls
|
|
Batting: LHB Bill Ford
|
0-0: Ball 1-0: Ball 2-0: SINGLE (Groundball, 6MD, EV 96.9 MPH) Dave Calder to second
|
|
Batting: RHB Brady Jeleniewski
|
0-0: Called Strike 0-1: Ball 1-1: Ball 2-1: Grounds into double play, 6-4-3 (Groundball, 6S, EV 85.0 MPH)
|
| Top of the 5th over - 0 runs, 1 hit, 0 errors, 1 left on base; Toledo 0 - Columbus 1 |
| BOTTOM OF THE 5TH |
|
Columbus Clippers batting - Pitching for Toledo Mud Hens : RHP Ricky Tercero
|
|
Batting: RHB Chris Diaz
|
0-0: Foul Ball, location: 2F 0-1: Called Strike 0-2: Ball 1-2: Ground out 6-3 (Groundball, 6, EV 90.0 MPH)
|
|
Batting: LHB John Dietrich
|
0-0: Ball 1-0: Swinging Strike 1-1: Swinging Strike 1-2: Strikes out swinging
|
|
Batting: LHB John Harring
|
0-0: Ball 1-0: Foul Ball, location: 2F 1-1: Ball 2-1: Ground out 6-3 (Groundball, 56, EV 105.6 MPH)
|
| Bottom of the 5th over - 0 runs, 0 hits, 0 errors, 0 left on base; Toledo 0 - Columbus 1 |
| TOP OF THE 6TH |
|
Toledo Mud Hens batting - Pitching for Columbus Clippers : RHP Andy Coats
|
|
Batting: LHB Andy Schumacher
|
0-0: Called Strike 0-1: Swinging Strike 0-2: Foul Ball, location: 2F 0-2: Foul Ball, location: 2F 0-2: Strikes out swinging
|
|
Batting: SHB Ross Holland
|
0-0: Fly out, F7 (Flyball, 78M, EV 91.9 MPH)
|
|
Batting: RHB J.J. Basil
|
0-0: SINGLE (Groundball, 56S, EV 69.4 MPH) (infield hit)
|
|
Batting: LHB Jon Frederick
|
0-0: Called Strike 0-1: Ball 1-1: Ball 2-1: Swinging Strike 2-2: Ball 3-2: Strikes out looking
|
| Top of the 6th over - 0 runs, 1 hit, 0 errors, 1 left on base; Toledo 0 - Columbus 1 |
| BOTTOM OF THE 6TH |
|
Columbus Clippers batting - Pitching for Toledo Mud Hens : RHP Ricky Tercero
|
|
Batting: LHB Corey Trevor
|
0-0: Foul Ball, location: 2F 0-1: Called Strike 0-2: Ball 1-2: Foul Ball, location: 2F 1-2: Foul Ball, location: 2F 1-2: Ball 2-2: Ball 3-2: Foul Ball, location: 2F 3-2: Base on Balls
|
|
Batting: LHB Brent Albertson
|
0-0: Called Strike 0-1: Foul Ball, location: 2F 0-2: Strikes out swinging
|
|
Batting: RHB Jesus Galvan
|
0-0: Ball Corey Trevor steals 2nd base 1-0: Called Strike 1-1: Ball 2-1: Ball 3-1: Called Strike 3-2: Foul Ball, location: 2F 3-2: Foul Ball, location: 2F 3-2: Foul Ball, location: 2F 3-2: Base on Balls
|
|
Batting: RHB John Shaffer
|
0-0: Called Strike 0-1: Foul Ball, location: 2F 0-2: Ball 1-2: Ball 2-2: Ball 3-2: SINGLE (Flyball, 89S, EV 100.0 MPH) Corey Trevor to third Jesus Galvan to second Runner from 3rd tries for Home, SAFE, throw by RF to home
|
|
Pitching: RHP Eric Putnam
|
|
|
Batting: RHB Armando Galindo
|
0-0: Called Strike 0-1: Swinging Strike 0-2: Ball 1-2: Ball 2-2: Strikes out swinging
|
|
Batting: RHB Chris Folse
|
0-0: Called Strike 0-1: Ground out 6-3 (Groundball, 6M, EV 103.1 MPH)
|
| Bottom of the 6th over - 1 run, 1 hit, 0 errors, 2 left on base; Toledo 0 - Columbus 2 |
| TOP OF THE 7TH |
|
Toledo Mud Hens batting - Pitching for Columbus Clippers : RHP Andy Coats
|
|
Batting: RHB Dan Becvar
|
0-0: Ball 1-0: Ball 2-0: Ball 3-0: Base on Balls
|
|
Pitching: RHP Arturo Rojas
|
|
|
Batting: RHB Willis Morales
|
0-0: Ball 1-0: Swinging Strike 1-1: Ball 2-1: Sac Bunt to 23 - play at first, batter OUT! 3-4 Dan Becvar to second
|
|
Batting: RHB Dave Calder
|
0-0: SINGLE (Groundball, 4M, EV 98.1 MPH) (infield hit) Dan Becvar to third
|
|
Batting: LHB Bill Ford
|
0-0: Ball 1-0: Ball 2-0: Foul Ball, location: 2F 2-1: Ball 3-1: Foul Ball, location: 2F 3-2: Base on Balls Dave Calder to second
|
|
Batting: RHB Brady Jeleniewski
|
0-0: Called Strike 0-1: Foul Ball, location: 2F 0-2: Ball 1-2: Grounds into fielders choice 6-2 (Groundball, 6, EV 99.4 MPH) Dave Calder to third Bill Ford to second
|
|
Batting: LHB Andy Schumacher
|
0-0: Called Strike 0-1: Called Strike 0-2: Strikes out swinging
|
| Top of the 7th over - 0 runs, 1 hit, 0 errors, 3 left on base; Toledo 0 - Columbus 2 |
| BOTTOM OF THE 7TH |
|
Columbus Clippers batting - Pitching for Toledo Mud Hens : RHP Eric Putnam
|
|
DELAY
|
Rain delay of 65 minutes in the 7th inning.
|
|
Batting: RHB Chris Diaz
|
0-0: Ball 1-0: SINGLE (Groundball, 6MS, EV 74.4 MPH) (infield hit)
|
|
Batting: LHB John Dietrich
|
0-0: Ball 1-0: Ball Chris Diaz is caught stealing 2nd base 2-6 2-0: Called Strike 2-1: Foul Ball, location: 2F 2-2: Ball 3-2: Fly out, F7 (Line Drive, 7, EV 87.5 MPH)
|
|
Batting: LHB John Harring
|
0-0: Swinging Strike 0-1: Ball 1-1: Ball 2-1: Ground out 6-3 (Groundball, 6, EV 86.9 MPH)
|
| Bottom of the 7th over - 0 runs, 1 hit, 0 errors, 0 left on base; Toledo 0 - Columbus 2 |
| TOP OF THE 8TH |
|
Toledo Mud Hens batting - Pitching for Columbus Clippers : RHP Arturo Rojas
|
|
Pitching: RHP Josh Hughes
|
|
|
Batting: SHB Ross Holland
|
0-0: Called Strike 0-1: Ball 1-1: Ball 2-1: Ball 3-1: Base on Balls
|
|
Batting: RHB J.J. Basil
|
0-0: Fielders Choice at 2nd, 4-6 (Groundball, 4M, EV 88.8 MPH)
|
|
Batting: LHB Jon Frederick
|
0-0: Called Strike 0-1: Swinging Strike 0-2: Ball 1-2: Strikes out swinging
|
|
Batting: RHB Dan Becvar
|
0-0: Ball 1-0: Ball 2-0: Ball 3-0: Base on Balls J.J. Basil to second
|
|
Batting: RHB Willis Morales
|
0-0: Ground out 5-3 (Groundball, 25, EV 90.0 MPH)
|
| Top of the 8th over - 0 runs, 0 hits, 0 errors, 2 left on base; Toledo 0 - Columbus 2 |
| BOTTOM OF THE 8TH |
|
Columbus Clippers batting - Pitching for Toledo Mud Hens : RHP Eric Putnam
|
|
Pitching: LHP Edwin Pacheco
|
|
|
Batting: LHB Corey Trevor
|
0-0: Called Strike 0-1: Ball 1-1: Ball 2-1: Foul Ball, location: 2F 2-2: Ball 3-2: SINGLE (Groundball, 56D, EV 95.6 MPH)
|
|
Batting: LHB Brent Albertson
|
0-0: Swinging Strike 0-1: Called Strike 0-2: Strikes out looking
|
|
Batting: RHB Jesus Galvan
|
0-0: Ball 1-0: Ball 2-0: Swinging Strike 2-1: Ball 3-1: Fly out, F8 (Flyball, 8RD, EV 92.5 MPH)
|
|
Batting: RHB John Shaffer
|
0-0: Called Strike Corey Trevor steals 2nd base 0-1: Swinging Strike 0-2: Ground out 4-3 (Groundball, 4, EV 86.9 MPH)
|
| Bottom of the 8th over - 0 runs, 1 hit, 0 errors, 1 left on base; Toledo 0 - Columbus 2 |
| TOP OF THE 9TH |
|
Toledo Mud Hens batting - Pitching for Columbus Clippers : RHP Josh Hughes
|
|
Pitching: RHP Jeff Degel
|
|
|
Batting: RHB Dave Calder
|
0-0: Called Strike 0-1: Ball 1-1: Swinging Strike 1-2: Foul Ball, location: 2F 1-2: Ball 2-2: Ball 3-2: Base on Balls
|
|
Batting: LHB Bill Ford
|
0-0: Ball 1-0: Called Strike 1-1: Swinging Strike 1-2: Ball 2-2: Strikes out swinging
|
|
Batting: RHB Brady Jeleniewski
|
0-0: Ball 1-0: Foul Ball, location: 2F 1-1: Ball 2-1: Foul Ball, location: 2F 2-2: Foul Ball, location: 2F 2-2: Strikes out swinging
|
|
Batting: LHB Andy Schumacher
|
0-0: Swinging Strike 0-1: Called Strike 0-2: Foul Ball, location: 2F 0-2: Ball 1-2: Strikes out swinging
|
| Top of the 9th over - 0 runs, 0 hits, 0 errors, 1 left on base; Toledo 0 - Columbus 2 |
|